 Dungeon Crawl Stone Soup version 0.31-a0-1059-g83d41fd8b6 (webtiles) character file.

Game seed: 9736595844143151338

72 kae the Vexing (level 4, -1/31 HPs)
             Began as a Demonspawn Enchanter on Nov 21, 2023.
             Frozen to death by an endoplasm (3 damage)
             ... on level 2 of the Dungeon.
             The game lasted 00:01:44 (1157 turns).

kae the Vexing (Demonspawn Enchanter)               Turns: 1157, Time: 00:01:45

Health: -1/31      AC:  2    Str: 10    XL:     4   Next: 6%
Magic:  0/7        EV: 12    Int: 16    God:
Gold:   76         SH:  0    Dex: 14    Spells: 5/7 levels left

rFire   . . .        a - +1 dagger
rCold   . . .        (no shield)
rNeg    . . .        b - +0 robe
rPois   .            (no helmet)
rElec   .            (no cloak)
rCorr   .            (no gloves)
SInv    .            (no boots)
Will    .....        (no amulet)
Stlth   ++           (no ring)
HPRegen 0.25/turn    (no ring)
MPRegen 0.10/turn

%: no passive effects
@: attractive, very slightly contaminated
A: weakness stinger 1
a: no special abilities


You were on level 2 of the Dungeon.
You visited 1 branch of the dungeon, and saw 2 of its levels.

You collected 76 gold pieces.


Innate Abilities, Weirdness & Mutations

You have a small tail.


   Skills:
 + Level 0.7 Fighting
 * Level 1.9 Short Blades
 + Level 2.1 Dodging
 + Level 2.9 Stealth
 + Level 2.4 Spellcasting
 + Level 3.3 Hexes
 * Level 1.0 Ice Magic


You had 5 spell levels left.
You knew the following spells:

 Your Spells              Type           Power      Damage    Failure   Level
a - Ensorcelled Hibernat  Hex/Ice        16%        N/A       12%         2

Your spell library contained the following spells:

 Spells                   Type           Power      Damage    Failure   Level
 Slow                     Hex            48%        N/A       4%          1
 Confusing Touch          Hex            12%        N/A       16%         3
 Sigil of Binding         Hex            12%        N/A       16%         3
 Tukima's Dance           Hex            12%        N/A       16%         3
 Dazzling Flash           Conj/Hex       14%        N/A       30%         3
 Vampiric Draining        Necr           1%         2d6       52%         3

Inventory:

Hand Weapons
 a - a +1 dagger (weapon)
Missiles
 f - 30 stones
Armour
 b - a +0 robe (worn)
Jewellery
 v - a ring of see invisible
   (You found it on level 1 of the Dungeon)
Scrolls
 e - a scroll of vulnerability {unknown}
 g - 3 scrolls of teleportation {unknown}
Potions
 c - 2 potions of invisibility

Dungeon Overview and Level Annotations

Branches:
Dungeon (2/15) Zot: 10853

Altars:

###.#....#######
#......##....#
####'####....#
#...##....#
###..'....###
####......#
#.........
#J#.....##
#@###.....
#.)K..#.....
#....P#.....
#...PP# ....
#.....# ###
##...## ##.##
#_#


You could see an endoplasm and a kobold.


Message History

You take 1 damage, and now have 23/25 hp.
There are monsters nearby!
You barely miss the goblin. The goblin misses you.
The kobold barely misses you.
You hit the goblin. You tail-slap the goblin.
You kill the goblin!
The kobold hits you with a +0 club.
An endoplasm comes into view.
Your Ice Magic skill increases to level 1! 😕 HP[-1]
You take 1 damage, and now have 22/25 hp.
You barely miss the kobold.
The endoplasm quivers.
Your tail-slap misses the kobold.
The adder bites you but does no damage.
You closely miss the adder. The kobold barely misses you.
The adder bites you. 😕 HP[-1]
You take 1 damage, and now have 21/25 hp.
You barely miss the adder. The kobold closely misses you.
The adder closely misses you.
You hit the adder. The adder bites you.
You are poisoned.
The adder poisons you! The kobold closely misses you. 😕 HP[-1]
You take 1 damage, and now have 20/25 hp.
Casting: Ensorcelled Hibernation (safe; 12% risk of failure)
Confirm with . or Enter, or press ? or * to list all spells.
Aiming: Ensorcelled Hibernation (safe; 12% risk of failure)
Press: ? - help, Shift-Dir - straight line, f - adder
Aim: an adder (lightly wounded, chance to affect: 50%)
The adder resists with some effort.
You feel sick. The adder bites you. The kobold barely misses you.
The adder barely misses you. 😮 HP[-4] MP[-2]
You take 4 damage, and now have 16/25 hp.
You lost 2 mp, and now have 4/6 mp.
Unknown command.
You barely miss the adder.
You feel sick. The kobold closely misses you. The adder barely misses you.
Casting: Ensorcelled Hibernation (safe; 12% risk of failure)
Confirm with . or Enter, or press ? or * to list all spells.
Aiming: Ensorcelled Hibernation (safe; 12% risk of failure)
Press: ? - help, Shift-Dir - straight line, f/p - adder
Aim: an adder (lightly wounded, chance to affect: 50%)
You miscast Ensorcelled Hibernation.
You are very lightly contaminated with residual magic.
Nothing appears to happen.
You feel sick. The kobold hits you with a +0 club. The adder bites you.
* * * LOW HITPOINT WARNING * * *
You are more poisoned.
The adder poisons you! 😨 HP[-6] MP[-2]
You take 6 damage, and now have 10/25 hp.
MASSIVE DAMAGE!! (PAUSE)
You lost 2 mp, and now have 2/6 mp.
Casting: Ensorcelled Hibernation (safe; 12% risk of failure)
Confirm with . or Enter, or press ? or * to list all spells.
Aiming: Ensorcelled Hibernation (safe; 12% risk of failure)
Press: ? - help, Shift-Dir - straight line, f/p - adder
Aim: an adder (lightly wounded, chance to affect: 50%)
The adder looks drowsy...
You feel sick. The kobold misses you. 😨 HP[-1] MP[-2]
You take 1 damage, and now have 9/25 hp.
You lost 2 mp, and now have 0/6 mp.
The helpless adder fails to defend itself.
You puncture the adder!
You kill the adder!
You feel sick. The kobold barely misses you.
You have reached level 4!
You feel agile. 😨 HP[+1]
You now have 31 max hp (+6).
You hit the endoplasm but do no damage. You tail-slap the endoplasm.
You feel sick. The kobold misses you. The endoplasm completely misses you.
You hit the endoplasm but do no damage.
You feel sick.
The endoplasm hits you but does no damage.
The kobold hits you with a +0 club.
* * * LOW HITPOINT WARNING * * *
😱 HP[-3]
You take 3 damage, and now have 7/31 hp.
Unknown command.
You hit the endoplasm.
You feel sick. The kobold hits you with a +0 club.
* * * LOW HITPOINT WARNING * * *
The endoplasm freezes you.
You are frozen.
* * * LOW HITPOINT WARNING * * *
😱 HP[-3]
You take 3 damage, and now have 4/31 hp.
You hit the endoplasm.
You feel sick.
You are no longer poisoned.
The kobold hits you with a +0 club.
* * * LOW HITPOINT WARNING * * *
The endoplasm closely misses you. 😱 HP[-3]
You take 3 damage, and now have 1/31 hp.
Unknown command.
It was a potion of attraction.
You feel attractive to monsters. The kobold barely misses you.
The endoplasm freezes you.
You are frozen.
You die...

Skill      XL: |  1  2  3 |
---------------+----------+-----
Short Blades   | 1 |  1.9
Dodging        | 2 |  2.1
Ice Magic      | 1 |  1.0
Fighting       | |  0.7
Stealth        | |  2.9
Spellcasting   | |  2.4
Hexes          | |  3.3

Action                     |  1- 3 |  4- 6 || total
---------------------------+-------+-------++-------
  Melee: Dagger            |   162 |     4 ||   166
         Punch             |     1 |       ||     1
         Tailslap          |    15 |     1 ||    16
   Cast: Ensorcelled Hiber |    12 |       ||    12
    Use: Potion            |       |     1 ||     1
   Stab: Sleeping          |     8 |       ||     8
 Armour: Robe              |   103 |     4 ||   107
  Dodge: Dodged            |   141 |     4 ||   145

Levels and vault maps discovered:
D:1:      dpeg_arrival_morbid_curiosity, layout_rooms, minmay_cut_off
D:2:      cheibrodos_greedy_goblins, layout_basic,
          shapermc_ecumenical_altar_flowoftime, minmay_gold_behind_fungi,
          minmay_cupped

Notes
Turn   | Place    | Note
-------+----------+-------------------------------------------
     0 | D:1      | kae the Demonspawn Enchanter began the quest for the Orb.
     0 | D:1      | Reached XP level 1. HP: 13/13 MP: 3/3
     0 | D:1      | magus.rc [v1.11.3]
    88 | D:1      | Reached skill level 1 in Short Blades
   152 | D:1      | HP: 2/13 [frozen (5)]
   214 | D:1      | You feel monstrous as your demonic heritage exerts itself.
   214 | D:1      | Discovered your monstrous ancestry.
   214 | D:1      | Gained mutation: You have a small tail. [demonic ancestry]
   214 | D:1      | Reached XP level 2. HP: 19/19 MP: 5/5
   221 | D:1      | Learned a level 2 spell: Ensorcelled Hibernation
   334 | D:1      | Reached skill level 2 in Dodging
   527 | D:1      | HP: 3/19 [hobgoblin (3)]
   531 | D:1      | Reached XP level 3. HP: 5/24 MP: 6/6
   638 | D:1      | You pick up a book of Debilitation and begin reading...
   638 | D:1      | You add the spells Slow, Sigil of Binding and Vampiric
                  | Draining to your library.
  1136 | D:2      | Found a faded altar of an unknown god.
  1144 | D:2      | Reached skill level 1 in Ice Magic
  1153 | D:2      | Reached XP level 4. HP: 10/31 MP: 0/7
  1154 | D:2      | HP: 7/31 [kobold/+0 club (2)]
  1156 | D:2      | HP: 3/31 [poisoned by an adder]
  1156 | D:2      | HP: 1/31 [kobold/+0 club (2)]
  1157 | D:2      | Frozen to death by an endoplasm

Vanquished Creatures
  An adder (D:2)
  A gnoll (D:1)
  A worm (D:2)
  A dart slug (D:1)
  5 ball pythons (D:1)
  6 bats (D:1)
  4 endoplasms (D:1)
  2 giant cockroaches (D:2)
  4 goblins
  6 hobgoblins (D:1)
  4 jackals (D:2)
  2 kobolds (D:1)
  2 quokkas (D:1)
  2 frilled lizards (D:1)
  A rat (D:1)
42 creatures vanquished.

Table legend:
 A = Non-vault XP
 B = Vault XP
 C = Vault XP percentage of total XP
 D = Non-vault monster count
 E = Vault monster count
 F = Vault count percentage of total count
                 A         B        C        D         E       F
            +---------+---------+-------+---------+---------+-------
      Total |      78 |      25 |  24.3 |      35 |       7 |  16.7
            +---------+---------+-------+---------+---------+-------
        D:1 |      45 |      25 |  35.7 |      26 |       7 |  21.2
        D:2 |      33 |       0 |   0.0 |       9 |       0 |   0.0
            +---------+---------+-------+---------+---------+-------

Skill      XL: |  1  2  3 |
---------------+----------+-----
Short Blades   | 1 |  1.9
Dodging        | 2 |  2.1
Ice Magic      | 1 |  1.0
Fighting       | |  0.7
Stealth        | |  2.9
Spellcasting   | |  2.4
Hexes          | |  3.3

Action                     |  1- 3 |  4- 6 || total
---------------------------+-------+-------++-------
  Melee: Dagger            |   162 |     4 ||   166
         Punch             |     1 |       ||     1
         Tailslap          |    15 |     1 ||    16
   Cast: Ensorcelled Hiber |    12 |       ||    12
    Use: Potion            |       |     1 ||     1
   Stab: Sleeping          |     8 |       ||     8
 Armour: Robe              |   103 |     4 ||   107
  Dodge: Dodged            |   141 |     4 ||   145

Illustrated notes

Table legend:
 A = Kills in this place as a percentage of kills in the entire game.
 B = Kills by you in this place as a percentage of kills by you in the entire game.
 C = Kills by friends in this place as a percentage of kills by friends in the entire game.
 D = Other kills in this place as a percentage of other kills in the entire game.
 E = Experience gained in this place as a percentage of experience gained in the entire game.
 F = Experience gained in this place divided by the number of levels of this place that you have seen.
                   A       B       C       D       E      F
               +-------+-------+-------+-------+-------+----------------------
         Total | 100.0 | 100.0 |   N/A |   N/A | 100.0 |  51.5
       Dungeon | 100.0 | 100.0 |   N/A |   N/A | 100.0 |  51.5
               +-------+-------+-------+-------+-------+----------------------

Table legend: (Time is in decaauts)
 A = Elapsed time spent in this place.
 B = Non-inter-level travel time spent in this place.
 C = Inter-level travel time spent in this place.
 D = Time resting spent in this place.
 E = Time spent auto-exploring this place.
 F = Levels seen in this place.
 G = Mean time per level.
                   A        B        C        D        E       F      G
               +--------+--------+--------+--------+--------+-----+--------+
         Total |   1146 |   1134 |     12 |    123 |    670 |   2 |  573.0 |
       Dungeon |   1146 |   1134 |     12 |    123 |    670 |   2 |  573.0 |
               +--------+--------+--------+--------+--------+-----+--------+

Top non-repeatable levels by time:
     D:1: 1002 daAuts
     D:2: 143 daAuts
